 Dungeon Crawl Stone Soup version 0.19-a0-347-g6bb00b2 (webtiles) character file.

462 TheWatcher the Insei (level 6, -2/51 HPs)
             Began as a Mummy Monk on May 29, 2016.
             Slain by an ogre
             ... wielding a +0 giant spiked club
              (12 damage)
             ... on level 4 of the Dungeon.
             The game lasted 00:07:12 (5721 turns).

TheWatcher the Insei (Mummy Monk)                   Turns: 5721, Time: 00:07:13

Health: -2/51      AC:  2    Str: 15    XL:     6   Next: 79%
Magic:  6/6        EV: 13    Int:  6    God:
Gold:   182        SH:  0    Dex: 16    Spells: 0 memorised, 5 levels left

rFire  x . .     SeeInvis .       - Unarmed
rCold  + . .     Gourm    .     (no armour)
rNeg   + + +     Faith    .     (no shield)
rPois  ∞         Spirit   .     e - +0 helmet
rElec  .         Dismiss  .     j - +0 cloak
rCorr  .         Reflect  .     (no gloves)
SustAt .         Harm     .     (no boots)
MR     .....                    (no amulet)
Stlth  ++........               i - ring of flight
                                g - -3 ring of intelligence (curse)

@: not resistant to hostile enchantments, unstealthy
A: no food or potions, fire vulnerability, cold resistance 1, negative energy
resistance 3, torment resistance, unbreathing
a: Evoke Flight


You were on level 4 of the Dungeon.
You were not hungry.

You visited 1 branch of the dungeon, and saw 6 of its levels.

You collected 182 gold pieces.


Innate Abilities, Weirdness & Mutations

You do not eat or drink.
Your flesh is vulnerable to fire.
You are immune to poison.
Your flesh is cold resistant. (rC+)
You are immune to negative energy. (rN+++)
You are immune to unholy pain and torment.
You can survive without breathing.


   Skills:
 - Level 5.2 Fighting
 + Level 2.4 Dodging
 - Level 1.5 Stealth
 - Level 5.7 Unarmed Combat


You had 5 spell levels left.
You didn't know any spells.

Inventory:

Armour
 e - a +0 helmet (worn)
 j - a +0 cloak (worn)
Jewellery
 g - a cursed -3 ring of intelligence (left hand)
 i - a ring of flight (right hand)
Scrolls
 a - 5 scrolls of identify {unknown}
 b - 3 scrolls of teleportation {unknown}
 c - a scroll of enchant armour {unknown}
 d - a scroll of fog {unknown}
 f - 2 scrolls of remove curse {unknown}
 h - 2 scrolls of recharging {unknown}

Dungeon Overview and Level Annotations

Branches:
Dungeon (6/15)
 Temple: D:4-7

Altars:
Ashenzari
Cheibriados
Makhleb
Nemelex Xobeh
Xom

Annotations:
D:3 exclusion: downstairs
D:4 exclusion: downstairs, Grinder, Natasha, Robin
D:5 Sigmund

▒. ▒.▒ ▒▒'▒▒
▒.▒▒▒.▒ ▒.▒ ▒.....▒
▒.▒ ▒▒▒.▒▒▒ ▒▒.▒▒
▒.▒ ▒▒...▒▒ ▒.▒
▒.....▒▒▒▒▒▒ ▒.▒
▒▒▒▒▒▒▒...▒.....▒
▒.▒▒▒▒▒...▒
▒▒.▒▒.▒▒▒..
▒.....MO▒.▒▒▒▒.▒▒.▒
▒▒▒▒▒▒▒O..........▒
▒▒▒▒▒▒▒▒.▒▒▒▒ ▒.▒
▒▒▒▒▒▒▒▒▒ ▒.▒
........▒▒▒▒.▒
▒.......▒▒.▒
▒.▒▒▒.▒.▒▒.▒▒▒▒▒▒
▒.▒▒..O...........


You could see 2 ogres.


Message History

The ogre is lightly wounded!
The ogre barely misses you!
You beat the ogre into a bloody pulp!!!
The ogre is moderately wounded!
The ogre hits you with a giant spiked club!!!
You swing at nothing!
You pulverise the ogre!!!
The ogre is heavily wounded!
The ogre barely misses you!
You pulverise the ogre but do no damage!
The ogre is heavily wounded!
You barely miss the ogre! You punch the ogre!
The ogre is severely wounded!
The ogre hits you with a giant spiked club!!!
You barely miss the ogre!
The ogre is severely wounded!
You squash the ogre like an ant!!!
The ogre is almost dead!
The ogre misses you!
You swing at nothing!
You closely miss the ogre!
The ogre is almost dead!
The ogre barely misses you!
The ogre hits you with a giant spiked club!!!!!! * * * don't die
* * * You squash the ogre like an ant!
The ogre is almost dead!
The ogre closely misses you!
The ogre hits you with a giant spiked club!!! rip

Action                   |  1- 3 |  4- 6 || total
-------------------------+-------+-------++-------
Melee: Unarmed           |   156 |   283 ||   439
       Punch             |     2 |    15 ||    17
 Stab: Sleeping          |     5 |     8 ||    13
       Distracted        |     1 |       ||     1
Armor: Skin              |    10 |    18 ||    28
Dodge: Dodged            |    92 |   171 ||   263

Vault maps used:
D:1:      dpeg_arrival_water_fire
D:2:      lemuel_coloured_pillars_altar, makhleb_heckhound_becter,
          grunt_ministairs_8
D:3:      ashenzari_altar_1
D:4:      marbit_many_paths, led_xom_imps, uniq_grinder, uniq_natasha,
          uniq_pikel, uniq_robin
D:5:      kennysheep_mini, nicolae_overflow_crystal_walls, basic_altar,
          first_bread, serial_shops, kennysheep_mini_moat, st_stairs_14,
          uniq_sigmund, uniq_edmund
D:6:      tso_altar

Notes
Turn   | Place    | Note
--------------------------------------------------------------
     0 | D:1      | TheWatcher the Mummy Monk began the quest for the Orb.
     0 | D:1      | Reached XP level 1. HP: 18/18 MP: 1/1
   193 | D:1      | Reached XP level 2. HP: 20/24 MP: 2/2
   568 | D:1      | Reached skill level 4 in Unarmed Combat
   882 | D:1      | Reached XP level 3. HP: 22/29 MP: 3/3
  2199 | D:2      | Reached XP level 4. HP: 30/35 MP: 4/4
  2355 | D:2      | Found a shimmering altar of Xom.
  2721 | D:2      | Reached skill level 5 in Unarmed Combat
  2752 | D:2      | Found a burning altar of Makhleb.
  3126 | D:3      | Reached XP level 5. HP: 41/41 MP: 5/5
  4205 | D:3      | Found a shattered altar of Ashenzari.
  4323 | D:4      | Noticed Grinder
  4341 | D:4      | Noticed Natasha
  4681 | D:5      | Entered Level 5 of the Dungeon
  5041 | D:5      | Reached XP level 6. HP: 48/48 MP: 6/6
  5090 | D:5      | Reached skill level 4 in Fighting
  5209 | D:5      | Noticed Sigmund
  5274 | D:5      | Found a snail-covered altar of Cheibriados.
  5437 | D:5      | Found a sparkling altar of Nemelex Xobeh.
  5513 | D:4      | Noticed Robin
  5606 | D:3      | Reached skill level 5 in Fighting
  5721 | D:4      | Slain by an ogre

Vanquished Creatures
  An ogre (D:3)
  A crimson imp (D:5)
  3 hounds
  A centaur skeleton (D:5)
  2 worker ants (D:5)
  6 adders
  An ooze (D:2)
  An adder zombie (D:5)
  4 worms
  4 dart slugs
  A giant gecko (D:2)
  5 orcs
  2 ball pythons
  9 bats
  4 giant cockroaches
  13 goblins
  13 hobgoblins
  3 jackals (D:2)
  10 kobolds
  2 quokkas
  9 giant newts
  11 rats
106 creatures vanquished.
